 Dungeon Crawl Stone Soup version 0.26-a0-18-g135ff06667 (webtiles) character file.

Game seed: 15826289917479100916, levelgen mode: deterministic

2621 Morbidden the Ogre Mage (level 9, -1/89 HPs)
             Began as an Ogre Necromancer on May 25, 2020.
             Was a Priest of Ru.
             Slain by a troll (9 damage)
             ... on level 8 of the Dungeon.
             The game lasted 00:20:36 (8561 turns).

Morbidden the Ogre Mage (Ogre Necromancer)          Turns: 8561, Time: 00:20:36

Health: -1/89      AC:  4    Str: 14    XL:     9   Next: 60%
Magic:  1/20       EV: 10    Int: 19    God:    Ru [***...]
Gold:   402        SH:  0    Dex:  9    Spells: 19/23 levels left

rFire    . . .     SeeInvis .   a - +2 flail (holy)
rCold    . . .     Gourm    .   (no shield)
rNeg     . . .     Faith    .   t - +0 robe
rPois    .         Spirit   .   (helmet restricted)
rElec    .         Reflect  .   g - +0 cloak
rCorr    .         Harm     .   (gloves unavailable)
MR       .....                  (boots unavailable)
Stlth    +.........             d - amulet of regeneration
HPRegen  0.64/turn              (no ring)
MPRegen  0.17/turn              (no ring)

@: drained
A: large, unfitting armour, tough skin 1, hated by all, unskilled 1
a: Draw Out Power, Renounce Religion


You were on level 8 of the Dungeon.
You worshipped Ru.
Ru was most pleased with you.
You were hungry.

You visited 1 branch of the dungeon, and saw 8 of its levels.

You collected 402 gold pieces.

Inventory:

Hand Weapons
 a - a +2 flail of holy wrath (weapon)
 b - the +6 trident of the Sybil {vamp, Int+3}
   (You found it on level 7 of the Dungeon)

   It inflicts no extra harm, but heals its wielder when it wounds a living foe.
   It affects your intelligence (+3).
 E - a +0 war axe of flaming
Missiles
 k - 26 poisoned darts (quivered)
 u - 7 boomerangs
Armour
 g - a +0 cloak (worn)
 t - a +0 robe (worn)
Jewellery
 d - an amulet of regeneration (around neck)
 y - an uncursed amulet of reflection
Wands
 n - a wand of acid (7)
 p - a wand of flame (19)
 s - a wand of random effects (14)
 v - a wand of polymorph (20)
 C - a wand of digging (4)
Scrolls
 e - a scroll of enchant weapon {unknown}
 f - 2 scrolls of enchant armour {unknown}
 h - 8 scrolls of identify
 i - 4 scrolls of blinking {unknown}
 j - 5 scrolls of teleportation
 m - 3 scrolls of remove curse {unknown}
 r - 2 scrolls of fog {unknown}
 x - a scroll of immolation {unknown}
 D - a scroll of noise {unknown}
 K - a scroll of amnesia {unknown}
Potions
 l - 3 potions of lignification
 o - 3 potions of brilliance {unknown}
 q - 4 potions of heal wounds
 w - a potion of resistance {unknown}
 z - 2 potions of invisibility {unknown}
 A - a potion of magic {unknown}
 B - a potion of might {unknown}
 F - a potion of mutation
 G - a potion of haste {unknown}
 I - a potion of berserk rage
 J - a potion of stabbing {unknown}
Comestibles
 c - 8 rations
 H - 5 chunks of flesh


   Skills:
 * Level 5.9(4.8) Fighting
 + Level 1.6(1.7) Axes
 + Level 2.8(2.0) Maces & Flails
 + Level 1.1(0.6) Polearms
 + Level 0.2(0.0) Throwing
 + Level 3.1(2.1) Dodging
 + Level 1.5(0.5) Stealth
 * Level 7.6(6.4) Spellcasting
 * Level 6.7(5.5) Necromancy


You had 19 spell levels left.
You knew the following spells:

 Your Spells              Type           Power        Failure   Level  Hunger
a - Pain                  Necr           ####         1%          1    None
b - Vampiric Draining     Necr           ####......   3%          3    ##.....

Your spell library contained the following spells:

 Spells                   Type           Power        Failure   Level  Hunger
 Agony                    Necr           ####....     30%         5    #####..
 Animate Skeleton         Necr           Unusable     N/A         1    N/A
 Animate Dead             Necr           Unusable     N/A         4    N/A

Dungeon Overview and Level Annotations

Branches:
Dungeon (8/15)             Temple (0/1) D:5
   Lair: D:8-11

Altars:
Cheibriados
Dithmenos
Kikubaaqudgha
Makhleb
Ru
Sif Muna
Vehumet
Wu Jian
Xom
Yredelemnul
Zin


Innate Abilities, Weirdness & Mutations

You are too large for most types of armour.
You have tough skin. (AC +1)
You are hated by all.
You are somewhat unskilled. (-1 Apt)


Message History

You feel life coursing into your body.
You are feeling hungry.
The troll bites you! The troll claws you!
* * * LOW HITPOINT WARNING * * *
The troll claws you.
* * * LOW HITPOINT WARNING * * *
Unknown command.
Unknown command.
Evoke which item? (* to show all) (? for menu, Esc to quit)
Aiming: Corrosive Bolt
Press: ? - help, Shift-Dir - straight line, p - troll The bolt of acid misses the troll.
The bolt of acid hits the centaur.
The centaur is splashed with acid.
The centaur seems to be corroded for longer.
You kill the centaur!
The troll bites you!
* * * LOW HITPOINT WARNING * * *
You focus your will and blind the troll in retribution!
The troll claws you!
You die...

##.....#
##.....#
#.....h
+....# #..)#
#.c## ##..#
#(######.#.##
#..)T@.......
###.#########
#..........
##[#########
#<).# #.....#
##...## ##.##
#.#


You could see a troll (blind).

Vanquished Creatures
  A hippogriff (D:7)
  A sky beast (D:6)
  3 ogres
  2 phantoms
  5 centaurs
  Blork the orc (D:6)
  2 bullfrogs
  3 scorpions
  5 wights (D:7)
  2 vampire bats (D:7)
  A centaur zombie (D:7)
  A quasit (D:5)
  2 crimson imps (D:6)
  2 bullfrog zombies
  An orc priest (D:3)
  A hound (D:7)
  8 orc wizards
  Jessica (D:3)
  2 iguanas
  3 worker ants (D:4)
  Robin (D:2)
  4 gnolls
  7 adders
  An ooze (D:3)
  3 adder skeletons
  A worm (D:2)
  3 dart slugs
  4 leopard geckos
  37 orcs
  9 bats
  5 bat zombies (D:7)
  13 giant cockroaches
  7 hobgoblins
  6 jackals
  4 quokkas
  A ball python (D:1)
  3 frilled lizards
  A giant cockroach zombie (D:5)
  17 goblins
  4 kobolds
  A leopard gecko skeleton (D:4)
  7 rats
186 creatures vanquished.

Notes
Turn   | Place    | Note
-------+----------+-------------------------------------------
     0 | D:1      | Morbidden the Ogre Necromancer began the quest for the Orb.
     0 | D:1      | Reached XP level 1. HP: 16/16 MP: 3/3
   326 | D:1      | Reached XP level 2. HP: 18/24 MP: 0/5
  1081 | D:1      | Reached skill level 1 in Fighting
  1403 | D:2      | Noticed Robin
  1512 | D:2      | Reached XP level 3. HP: 30/33 MP: 0/6
  1789 | D:3      | Reached skill level 3 in Spellcasting
  1811 | D:3      | Reached XP level 4. HP: 30/41 MP: 3/8
  1928 | D:3      | Found a snail-covered altar of Cheibriados.
  1933 | D:3      | Found an ornate altar of the Wu Jian Council.
  1933 | D:3      | Found a radiant altar of Vehumet.
  1940 | D:3      | Found a shadowy altar of Dithmenos.
  1940 | D:3      | Found a basalt altar of Yredelemnul.
  1983 | D:2      | Found a sacrificial altar of Ru.
  2095 | D:2      | Learned a level 3 spell: Vampiric Draining
  2500 | D:2      | Found a shimmering blue altar of Sif Muna.
  2667 | D:2      | Became a worshipper of Ru the Awakened
  2744 | D:2      | Killed Robin
  2744 | D:2      | Reached XP level 5. HP: 47/49 MP: 4/10
  2940 | D:3      | Reached skill level 5 in Necromancy
  3155 | D:3      | Noticed Jessica
  3160 | D:3      | Killed Jessica
  3160 | D:3      | Reached skill level 4 in Spellcasting
  3271 | D:3      | Reached XP level 6. HP: 49/57 MP: 1/12
  4232 | D:4      | Reached skill level 5 in Spellcasting
  4404 | D:4      | Gained mutation: You are somewhat unskilled. (-1 Apt) [Ru
                  | sacrifice]
  4404 | D:4      | Reduced skill Spellcasting to level 4
  4404 | D:4      | Reached * piety under Ru
  4404 | D:4      | Reached ** piety under Ru
  4644 | D:3      | Reached XP level 7. HP: 23/66 MP: 7/14
  4790 | D:4      | Reached skill level 5 in Spellcasting
  5356 | D:4      | Found a burning altar of Makhleb.
  5356 | D:4      | Found a glowing silver altar of Zin.
  5357 | D:4      | Noticed an angel
  5357 | D:4      | Noticed an Executioner
  5512 | D:5      | Entered Level 5 of the Dungeon
  5846 | D:5      | Found a staircase to the Ecumenical Temple.
  5900 | D:5      | Reached skill level 6 in Spellcasting
  6210 | D:6      | Reached XP level 8. HP: 55/75 MP: 17/17
  6372 | D:6      | Found a shimmering altar of Xom.
  6433 | D:6      | Reached skill level 1 in Maces & Flails
  6480 | D:6      | Found a shadowy altar of Dithmenos.
  6736 | D:6      | Noticed Blork the orc
  6747 | D:6      | Killed Blork the orc
  7085 | D:6      | Gained mutation: You are hated by all. [Ru sacrifice]
  7085 | D:6      | Reached *** piety under Ru
  7367 | D:7      | Noticed a hippogriff
  7402 | D:7      | Killed a hippogriff
  7402 | D:7      | Reached skill level 7 in Spellcasting
  7402 | D:7      | Reached XP level 9. HP: 60/87 MP: 6/19
  7409 | D:7      | Reached skill level 5 in Fighting
  7614 | D:7      | Found an ancient bone altar of Kikubaaqudgha.
  7701 | D:7      | Reached skill level 1 in Axes
  7801 | D:7      | Identified the +6 trident of the Sybil {vamp, Int+3} (You
                  | found it on level 7 of the Dungeon)
  8444 | D:8      | Reached skill level 1 in Polearms
  8549 | D:8      | Noticed a troll
  8561 | D:8      | Slain by a troll

Illustrated notes

Levels and vault maps discovered:
D:1:      grunt_arrival_crossed_arrows, layout_basic, minmay_pentomino_u2
D:2:      layout_basic, grunt_temple_overflow_open, grunt_decor_cap,
          minmay_small_reverse_x, uniq_robin
D:3:      layout_loops_cross, minmay_overflow_temple_star_hex, first_ration,
          minmay_misc_feat_tower, uniq_jessica
D:4:      layout_cave_pools, grunt_temple_overflow_order_and_chaos_2,
          nrook_loot_triangle
D:5:      layout_rooms, temple_hall, kennysheep_nondescript
D:6:      layout_basic, xom_butterflies, basic_altar,
          minmay_fractal_squares_gapless_5, uniq_blork_the_orc
D:7:      layout_loops_ring, kennysheep_vampire_church
D:8:      cheibrodos_two_vegetables, layout_loops_corners,
          kennysheep_little_box, skrybe_limestone_x, grunt_pizzeria,
          minmay_ruined_shrine, uniq_harold, uniq_gastronok

Skill      XL: |  1  2  3  4  5  6  7  8  9 |
---------------+----------------------------+-----
Necromancy     | 4 5 6 |  6.7
Fighting       | 1 2 3 4 5 |  5.9
Spellcasting   | 3 4 4 6 7 |  7.6
Dodging        | 2 3 |  3.1
Maces & Flails | 2 |  2.8
Axes           | 1 |  1.6
Polearms       | 1 |  1.1
Throwing       | |  0.2
Stealth        | |  1.5

Action                   |  1- 3 |  4- 6 |  7- 9 || total
-------------------------+-------+-------+-------++-------
Melee: Unarmed           |    35 |   135 |       ||   170
       Flail             |       |       |   148 ||   148
       Battleaxe         |       |       |    28 ||    28
       Trident           |       |       |    26 ||    26
Throw: Dart              |       |       |     7 ||     7
 Cast: Pain              |    57 |   169 |    96 ||   322
       Vampiric Draining |       |     3 |    32 ||    35
Invok: Sacrifice Skill   |       |     1 |       ||     1
       Sacrifice Love    |       |       |     1 ||     1
       Draw Out Power    |       |       |     1 ||     1
Evoke: Wand              |       |       |     3 ||     3
  Use: Potion            |     1 |     2 |       ||     3
       Scroll            |       |     1 |     6 ||     7
 Stab: Sleeping          |       |       |     2 ||     2
       Invisible         |       |       |     1 ||     1
  Eat: Chunk             |     3 |     9 |    10 ||    22
       Ration            |       |       |     1 ||     1
Armor: Robe              |    30 |   106 |    81 ||   217
Dodge: Dodged            |    39 |   129 |   145 ||   313

Table legend:
 A = Non-vault XP
 B = Vault XP
 C = Vault XP percentage of total XP
 D = Non-vault monster count
 E = Vault monster count
 F = Vault count percentage of total count
                 A         B        C        D         E       F
            +---------+---------+-------+---------+---------+-------
      Total |    3227 |     518 |  13.8 |     163 |      23 |  12.4
            +---------+---------+-------+---------+---------+-------
        D:1 |      24 |       1 |   4.0 |      13 |       1 |   7.1
        D:2 |      63 |      31 |  33.0 |      22 |       9 |  29.0
        D:3 |     304 |      50 |  14.1 |      43 |       2 |   4.4
        D:4 |     404 |       0 |   0.0 |      31 |       0 |   0.0
        D:5 |     294 |       0 |   0.0 |      11 |       0 |   0.0
        D:6 |     686 |      94 |  12.1 |      11 |       1 |   8.3
        D:7 |    1264 |     111 |   8.1 |      26 |       7 |  21.2
        D:8 |     188 |     231 |  55.1 |       6 |       3 |  33.3
            +---------+---------+-------+---------+---------+-------
